 Dungeon Sprint DCSS version 0.30-a0-622-gddc90eaa04 (webtiles) character file.

Game seed: 14106806812464854960

2065 BigDaddyOpFi the Covert (level 9, -27/70 HPs)
             Began as an Octopode Monk on Jan 10, 2023.
             Was the Champion of Qazlal.
             Killed from afar by Loacenim the pandemonium lord (28 damage)
             ... with a crystal spear
             ... in the Dungeon (Sprint V: "Ziggurat Sprint").
             The game lasted 00:03:40 (1188 turns).

BigDaddyOpFi the Covert (Octopode Monk)             Turns: 1188, Time: 00:03:41

Health: -27/70     AC:  1    Str: 26    XL:     9   Next: 26%
Magic:  17/25      EV: 28    Int: 12    God:    Qazlal [******]
Gold:   0          SH: 27    Dex: 35    Spells: 8/8 levels left

rFire   + . .      SeeInvis .    E - +6 shillelagh "Devastator" {shatter}
rCold   . . .      Faith    .    i - +3 tower shield
rNeg    . . .      Spirit   .    (helmet restricted)
rPois   +          Reflect  .    (no amulet)
rElec   .          Harm     .    v - ring of flight
rCorr   .          Rampage  .    w - +6 ring of dexterity
Will    .....      NoTele   +    x - +6 ring of dexterity
Stlth   ++                       J - ring of magical power
HPRegen 0.31/turn                K - ring of Cemmaskya {*Corrode rPois EV+5 Dex+2 Stlth+}
MPRegen 0.19/turn                A - +6 ring of strength
                                 B - +6 ring of strength
                                 G - +6 ring of dexterity

@: protected from fire, flying, studying Dodging, repel missiles
A: almost no armour, amphibious, 8 rings, camouflage 1, gelatinous body 1,
(nimble swimmer 1), tentacles
a: Renounce Religion, Upheaval, Elemental Force, Disaster Area


You were in the Dungeon.
You worshipped Qazlal.
Qazlal was exalted by your worship.
You visited 1 branch

Inventory:

Hand Weapons
 E - the +6 shillelagh "Devastator" (weapon) {shatter}
   (You found it in the Dungeon)

   It releases a powerful concussive burst when it strikes, dealing extra damage
   to the target and all other creatures adjacent to them.
Armour
 i - a +3 tower shield (worn)
 I - a +1 pair of boots of rampaging
Jewellery
 v - a ring of flight (left tentacle)
 w - a +6 ring of dexterity (right tentacle)
 x - a +6 ring of dexterity (on tentacle)
 y - a +6 ring of intelligence
 z - a +6 ring of intelligence
 A - a +6 ring of strength (on tentacle)
 B - a +6 ring of strength (on tentacle)
 G - a +6 ring of dexterity (on tentacle)
 H - a ring of wizardry
 J - a ring of magical power (on tentacle)
 K - the ring of Cemmaskya (on tentacle) {*Corrode rPois EV+5 Dex+2 Stlth+}
   (You found it in the Dungeon)

   [ring of evasion]

   EV:        It affects your evasion (+5).
   Dex:       It affects your dexterity (+2).
   rPois:     It protects you from poison.
   *Corrode:  It may corrode you when you take damage.
   Stlth:     It makes you more stealthy.
Wands
 s - a wand of mindburst (7)
 t - a wand of iceblast (7)
 u - a wand of quicksilver (7)
Scrolls
 h - 4 scrolls of blinking
 o - 4 scrolls of amnesia
 p - 7 scrolls of fog
 q - 5 scrolls of identify
 r - 2 scrolls of fear
Potions
 b - a potion of ambrosia
 c - 10 potions of curing
 d - 3 potions of heal wounds
 e - 5 potions of haste
 f - 7 potions of magic
 g - 3 potions of berserk rage
 j - 2 potions of brilliance
 k - 2 potions of invisibility
 l - 4 potions of resistance
 n - 5 potions of might
Miscellaneous
 a - a phantom mirror
 m - a tin of tremorstones (2/2)
 C - a lightning rod (4/4)
 D - a condenser vane
 F - a phantom mirror


   Skills:
 + Level 10.0 Fighting
 - Level 3.0(6.6) Axes
 + Level 9.4(9.6) Maces & Flails
 + Level 11.3 Dodging
 + Level 13.5 Stealth
 + Level 9.4 Invocations


You had 8 spell levels left.
You didn't know any spells.
Your spell library contained the following spells:

 Spells                   Type           Power      Damage    Failure   Level
 Slow                     Hex            0%         N/A       99%         1
 Confusing Touch          Hex            0%         N/A       100%        3
 Vampiric Draining        Necr           0%         2d6       100%        3


Dungeon Overview and Level Annotations

Branches:
Dungeon (1/1)

Altars:
Ashenzari
Cheibriados
Dithmenos
Elyvilon
Fedhas
Gozag
Hepliaklqana
Kikubaaqudgha
Makhleb
Nemelex Xobeh
Okawaru
Qazlal
Ru
Sif Muna
Trog
Uskayaw
Vehumet
Wu Jian
Xom
Yredelemnul
Zin
The Shining One
Jiyva
Lugonu

Annotations:
D 1 transporter


Innate Abilities, Weirdness & Mutations

You cannot wear most types of armour.
You are amphibious.
You can wear up to eight rings at the same time.
Your skin changes colour to match your surroundings (Stealth+).
Your rubbery body absorbs attacks. (AC +1, EV +1)
((You are camouflaged when in or above water. (Stealth+)))
You have tentacles for arms and can constrict up to eight enemies at once.


Message History

You block the ice devil's attack. The iron imp hits you.
The sun demon completely misses you.
You barely miss Loacenim.
Loacenim is lightly wounded.
You block Loacenim's attack.
Loacenim gestures.
Loacenim blinks!
The rust devil is engulfed in freezing vapours.
You kill the rust devil!
Qazlal accepts your kill. You block the ice devil's attack.
The sun demon hits you!!
You are engulfed in flames!!
Your resistance to physical damage fades away.
You feel protected from fire.
Loacenim calls on the powers of darkness!
Your body is wracked with pain!
* * * LOW HITPOINT WARNING * * *
The iron imp misses you.
Your Fighting skill increases to level 10!
Your Dodging skill increases to level 11!
You feel much better. You block the quasit's attack. x2
The quasit barely misses you. The ice devil completely misses you.
The neqoxec misses you. The sun demon hits you!
You are engulfed in flames.
You resist.
You feel much better. You block the quasit's attack. The quasit misses you.
You block the quasit's attack. The sun demon misses you.
The ice devil barely misses you. The neqoxec closely misses you.
You block Loacenim's attack. You block the iron imp's attack.
The quasit completely misses you. x2; You block the quasit's attack.
You feel much better.
Loacenim calls on the powers of darkness!
Your body is wracked with pain!
You block the sun demon's attack. The ice devil hits you!
* * * LOW HITPOINT WARNING * * *
The ice devil freezes you!!
* * * LOW HITPOINT WARNING * * *
The neqoxec completely misses you. Loacenim gestures at you.
The crystal spear hits you!!
You die...

▓▓▓▓▓▓▓▓▓▓▓▓▓▓▓▓▓▓▓
▓≈..8©8...▓..8©8..▓
▓≈.)}[[...▓..)....▓
▓...[≈=...▓...))..▓
▓....)....▓.......▓
▓.........▓.......▓
▓...§..○..▓.......▓
▓...453°..▓.......▓
▓.▓.5@3○▓.▓.▓...▓.▓
▓....©&...▓...©...▓
▓▓▓▓▓▓▓▓▓▓▓▓▓▓▓▓▓▓▓
▓..8©8..▓ ▓..}.)..▓
▓..|))..▓ ▓.......▓
▓.......▓ ▓..††...▓


You could see Loacenim, a sun demon, an ice devil, a neqoxec, an iron imp and a
quasit.

Vanquished Creatures
  A glowing orange brain (D)
  A rust devil (D)
  An ancient zyme (D)
  A guardian mummy (D)
  A yak (D)
  3 hell hounds (D)
  2 crimson imps (D)
  2 quasits (D)
  3 orc priests (D)
  An orc wizard (D)
  3 mummies (D)
  A river rat (D)
  2 shadow imps (D)
  2 white imps (D)
  An ufetubus (D)
  2 orcs (D)
  2 jackals (D)
  A ball python skeleton (D)
  A giant cockroach zombie (D)
31 creatures vanquished.

Notes
Turn   | Place    | Note
-------+----------+-------------------------------------------
     0 | D        | BigDaddyOpFi the Octopode Monk began the quest for the Orb.
     0 | D        | Reached XP level 1. HP: 16/16 MP: 1/1
     2 | D        | Found a blossoming altar of Fedhas.
     2 | D        | Found the +6 Majin-Bo {vamp, MP+6 Int+6}
     2 | D        | Found the +27 heavy crossbow "Sniper" {heavy, Acc+∞ SInv}
     2 | D        | Found the +10 dark maul {heavy}
     2 | D        | Found the +15 Maxwell's patent armour {-Cast -Tele rElec
                  | Will+ rCorr}
     2 | D        | Found the +18 shield of the Gong {rElec rN+ Will+ EV-5}
     2 | D        | Found the +16 obsidian axe {drain, Mesm Drain Fly SInv}
     2 | D        | Found the +7 great mace "Firestarter" {flame, inner flame,
                  | rF++}
     2 | D        | Found the +6 shillelagh "Devastator" {shatter}
     2 | D        | Found the +11 plutonium sword {Contam Stlth-}
     2 | D        | Found the +8 lance "Wyrmbane" {slay drac, rPois rF+ rC+
                  | AC+3}
     2 | D        | Found the +9 sword of Zonguldrok {reap}
     2 | D        | Found the +13 scythe of Curses {drain, Drain}
     2 | D        | Found the +9 sword of Power
     2 | D        | Found the +7 mace of Variability {chaos, chain chaos}
     2 | D        | Found the +11 Singing Sword {sonic wave}
     2 | D        | Found the +8 storm bow {elec, penet}
    11 | D        | Found a shimmering blue altar of Sif Muna.
    11 | D        | Found a sacrificial altar of Ru.
    11 | D        | Found a bloodstained altar of Trog.
    11 | D        | Found a stormy altar of Qazlal.
    11 | D        | Found an iron altar of Okawaru.
    11 | D        | Found a sparkling altar of Nemelex Xobeh.
    13 | D        | Found a transporter.
    13 | D        | Found an ancient bone altar of Kikubaaqudgha.
    13 | D        | Found a viscous altar of Jiyva.
    13 | D        | Found a corrupted altar of Lugonu.
    13 | D        | Found a hazy altar of Hepliaklqana.
    13 | D        | Found a burning altar of Makhleb.
    13 | D        | Found an opulent altar of Gozag.
    29 | D        | Became a worshipper of Qazlal Stormbringer
    29 | D        | Reached * piety under Qazlal
    29 | D        | Reached ** piety under Qazlal
    56 | D        | Reached skill level 5 in Stealth
    56 | D        | Reached XP level 2. HP: 23/23 MP: 2/2
    59 | D        | Entered arena 2.
    59 | D        | Found a transporter.
    63 | D        | Reached skill level 5 in Fighting
    63 | D        | Reached skill level 5 in Dodging
    63 | D        | Reached skill level 6 in Stealth
    63 | D        | Reached skill level 1 in Invocations
    63 | D        | Reached XP level 3. HP: 29/29 MP: 2/4
    67 | D        | Reached XP level 4. HP: 35/35 MP: 2/5
   124 | D        | Entered arena 3.
   124 | D        | Noticed a glowing orange brain
   124 | D        | Found a transporter.
   129 | D        | Reached skill level 7 in Stealth
   129 | D        | Reached *** piety under Qazlal
   135 | D        | Killed a glowing orange brain
   136 | D        | Reached skill level 10 in Stealth
   136 | D        | Reached XP level 5. HP: 44/44 MP: 6/10
   136 | D        | Reached XP level 6. HP: 50/50 MP: 6/11
   136 | D        | Reached XP level 7. HP: 54/54 MP: 6/12
   398 | D        | Entered arena 4.
   398 | D        | Noticed a yak
   398 | D        | Found a transporter.
   403 | D        | Killed a yak
   403 | D        | Reached **** piety under Qazlal
   404 | D        | Reached skill level 11 in Stealth
   613 | D        | Entered arena 5.
   613 | D        | Found a transporter.
   629 | D        | Entered arena 6.
   629 | D        | Noticed a guardian mummy
   629 | D        | Found a transporter.
   633 | D        | Reached ***** piety under Qazlal
   635 | D        | Killed a guardian mummy
   636 | D        | Reached XP level 8. HP: 42/63 MP: 13/13
   881 | D        | Entered arena 7.
   881 | D        | Noticed an ancient zyme
   882 | D        | Found a transporter.
   886 | D        | Reached skill level 12 in Stealth
   888 | D        | Killed an ancient zyme
   892 | D        | Reached skill level 10 in Dodging
  1153 | D        | Entered arena 8.
  1154 | D        | Found a transporter.
  1157 | D        | Reached ****** piety under Qazlal
  1161 | D        | Reached XP level 9. HP: 67/69 MP: 15/15
  1165 | D        | Got the ring of Cemmaskya {*Corrode rPois EV+5 Dex+2
                  | Stlth+}
  1167 | D        | Reached skill level 13 in Stealth
  1176 | D        | Entered arena 9.
  1176 | D        | Found the +1 cloak of Starlight {*Dazzle EV+4 Stlth--}
  1176 | D        | Noticed an ice devil
  1176 | D        | Noticed a rust devil
  1176 | D        | Noticed a sun demon
  1176 | D        | Noticed Loacenim the pandemonium lord
  1177 | D        | Found a transporter.
  1185 | D        | Killed a rust devil
  1186 | D        | Reached skill level 10 in Fighting
  1188 | D        | HP: 1/70 [ice devil (20)]
  1188 | D        | Killed from afar by Loacenim the pandemonium lord

Illustrated notes

Levels and vault maps discovered:
D:        sprint_v [room_start, room_1, room_2, room_3, room_4, room_5, room_6,
          room_7, room_8, room_9, room_10, room_11, room_12, room_13, room_14,
          room_15, room_16, room_17, room_18, room_19, room_20, room_21,
          room_22, room_23, room_24, room_25, room_26, room_27]

Skill      XL: |  1  2  3  4  5  6  7  8  9 |
---------------+----------------------------+-----
Fighting       | 4 5 7 8 9 10 | 10.0
Maces & Flails | 3 4 7 8 9 |  9.4
Dodging        | 4 5 7 9 10 11 | 11.3
Stealth        | 5 6 10 11 12 13 | 13.5
Invocations    | 1 2 6 7 8 9 |  9.4
Axes           | |  3.0

Action                   |  1- 3 |  4- 6 |  7- 9 || total
-------------------------+-------+-------+-------++-------
Melee: Shillelagh        |     3 |     8 |    29 ||    40
       Constrict         |     1 |     1 |     9 ||    11
       Tentacles         |       |     1 |     5 ||     6
Invok: Disaster Area     |       |       |     1 ||     1
  Use: Potion            |     3 |       |     6 ||     9
Dodge: Dodged            |     1 |     2 |    32 ||    35
Block: Tower shield      |     1 |     2 |    59 ||    62

Table legend: (Time is in decaauts)
 A = Elapsed time spent in this place.
 B = Non-inter-level travel time spent in this place.
 C = Inter-level travel time spent in this place.
 D = Time resting spent in this place.
 E = Time spent auto-exploring this place.
 F = Levels seen in this place.
 G = Mean time per level.
                   A        B        C        D        E       F      G
               +--------+--------+--------+--------+--------+-----+--------+
         Total |   1176 |   1176 |      0 |    962 |      0 |   1 | 1176.0 |
       Dungeon |   1176 |   1176 |      0 |    962 |      0 |   1 | 1176.0 |
               +--------+--------+--------+--------+--------+-----+--------+

Top non-repeatable levels by time:
       D: 1176 daAuts
